 Dungeon Crawl Stone Soup version 0.29-a0-187-ga23d9638d5 (webtiles) character file.

Game seed: 10037796786226414211

770 Zeldest the Caller (level 7, -4/36 HPs)
             Began as a Vine Stalker Summoner on Feb 21, 2022.
             Slain by an orc priest (10 damage)
             ... on level 5 of the Dungeon.
             The game lasted 00:16:58 (2823 turns).

Zeldest the Caller (Vine Stalker Summoner)          Turns: 2823, Time: 00:16:59

Health: -4/36      AC:  3    Str: 10    XL:     7   Next: 83%
Magic:  0/11       EV: 12    Int: 17    God:
Gold:   147        SH:  0    Dex: 15    Spells: 5/10 levels left

rFire   . . .      SeeInvis .   e - +0 spear
rCold   . . .      Faith    .   (no shield)
rNeg    + . .      Spirit   +   a - +0 robe
rPois   .          Reflect  .   j - +0 helmet
rElec   .          Harm     .   f - scarf {+Inv}
rCorr   .          Rampage  .   (no gloves)
Will    .....                   (no boots)
Stlth   ++........              (no amulet)
HPRegen 0.92/turn               r - ring of positive energy
MPRegen 0.12/turn               (no ring)

@: no status effects
A: fangs 2, regeneration 1, magic shield, antimagic bite, no potion heal 2
a: Evoke Invisibility


You were on level 5 of the Dungeon.
You visited 1 branch of the dungeon, and saw 5 of its levels.

You collected 147 gold pieces.

Inventory:

Hand Weapons
 e - a +0 spear (weapon)
Missiles
 b - 5 poisoned darts
Armour
 a - a +0 robe (worn)
 f - a scarf of invisibility (worn)
 j - a +0 helmet (worn)
Jewellery
 r - a ring of positive energy (left hand)
Wands
 h - a wand of flame (12)
Scrolls
 c - 3 scrolls of blinking
 d - 4 scrolls of teleportation
 g - a scroll of fog
 i - a scroll of brand weapon {unknown}
 k - a scroll of enchant weapon {unknown}
 q - a scroll of silence {unknown}
 s - a scroll of summoning {unknown}
Potions
 l - 2 potions of might
 m - a potion of mutation {unknown}
 o - a potion of cancellation {unknown}


   Skills:
 + Level 3.3 Fighting
 + Level 3.1 Polearms
 - Level 1.5 Dodging
 - Level 2.4 Stealth
 - Level 2.1 Spellcasting
 + Level 5.7 Summonings
 + Level 2.8 Translocations
 - Level 0.3 Air Magic
 + Level 3.0 Evocations


You had 5 spell levels left.
You knew the following spells:

 Your Spells              Type           Power      Damage    Failure   Level
a - Call Imp              Summ           21%        N/A       2%          2
b - Call Canine Familiar  Summ           21%        N/A       5%          3

Your spell library contained the following spells:

 Spells                   Type           Power      Damage    Failure   Level
 Summon Small Mammal      Summ           84%        N/A       1%          1
 Summon Guardian Golem    Hex/Summ       11%        N/A       19%         3
 Static Discharge         Conj/Air       2%         N/A       26%         2
 Summon Lightning Spire   Summ/Air       12%        N/A       50%         4
 Summon Forest            Summ/Tloc      8%         N/A       65%         5
 Lightning Bolt           Conj/Air       1%         1d12      99%         5
 Eringya's Noxious Bog    Tmut/Pois      0%         N/A       100%        6
 Summon Hydra             Summ           10%        N/A       100%        7
 Maxwell's Capacitive Co  Air            1%         ∞         100%        8


Dungeon Overview and Level Annotations

Branches:
Dungeon (5/15)
 Temple: D:4-7

Altars:
Fedhas
Gozag
Okawaru
Vehumet
Wu Jian

Shops:
D:2 :

Annotations:
D:3 2 transporters, cyrus's ghost, amateur VSFi


Innate Abilities, Weirdness & Mutations

You have extremely sharp teeth.
Your natural rate of healing is unusually fast.
When hurt, damage is shared between your health and your magic reserves.
Your bite disrupts and absorbs the magic of your enemies.
Potions cannot restore your health.


Message History

You punch the orc priest, but do no damage.
You bite the orc priest. You drain its power.
You feel invigorated.
The orc priest is moderately wounded.
Your hound closely misses the orc.
The orc priest hits you with a +0 war axe!
The orc priest closely misses your hound.
The orc priest hits your crimson imp with a +0 war axe.
Your crimson imp hits the orc priest but does no damage.
The orc hits you with a +0 mace!
* * * LOW HITPOINT WARNING * * *
You hit the orc priest.
The orc priest is heavily wounded.
Your hound bites the orc.
The orc priest looks encouraged for a moment.
Your hound misses the orc.
Your crimson imp closely misses the orc priest.
You barely miss the orc priest. Your bite misses the orc priest.
The orc priest is heavily wounded.
The orc hits you with a +0 mace.
* * * LOW HITPOINT WARNING * * *
Your hound bites the orc.
The orc dies!
The orc priest hits you with a +0 war axe!
* * * LOW HITPOINT WARNING * * *
The orc priest closely misses your crimson imp.
The orc priest barely misses your hound.
Your crimson imp hits the orc priest but does no damage.
You closely miss the orc priest.
You bite the orc priest, but do no damage.
The orc priest is heavily wounded.
Your hound barely misses the orc priest.
The orc priest begins to cast a cantrip, but forgets the words!
Your hound bites the orc priest but does no damage.
Your crimson imp closely misses the orc priest.
You hit the orc priest but do no damage.
You bite the orc priest, but do no damage.
The orc priest is heavily wounded.
Your hound bites the orc priest.
The orc priest hits you with a +0 war axe!
You die...

###### ..... #
..). . #.. ### #
...##.o######.##
#
.....5h@.....#.##
#
..###>)#........#
# .....#.####.#.#
##
......##.####.#.#
.# .#####
#.##...#.# ##
##+## #.##.###.#
# ##...##
#........# #
##.....##
####.##### ##
##.......## ##..#


You could see an orc priest (ally target), a friendly hound (summoned) and a
friendly crimson imp (summoned).

Vanquished Creatures
  A water moccasin skeleton (D:4)
  A bullfrog skeleton (D:5)
  An orc priest (D:4)
  An orc wizard (D:4)
  A hound skeleton (D:3)
  5 adders
  A nameless horror (D:5)
  An adder skeleton (D:4)
  5 orcs
  2 endoplasms
  2 giant cockroaches
  7 goblins
  5 hobgoblins
  A kobold (D:2)
  A quokka (D:1)
  3 ball pythons
  3 bats
  2 frilled lizards
  5 rats
48 creatures vanquished.

Vanquished Creatures (collateral kills)
  Sigmund (D:4)
  3 scorpions
  A water moccasin skeleton (D:5)
  A hound (D:5)
  An orc wizard (D:4)
  Robin (D:2)
  2 adders
  2 white imps
  A worm (D:2)
  2 dart slugs
  10 orcs
  An endoplasm (D:1)
  2 goblins
  8 hobgoblins
  A kobold (D:1)
  A ball python (D:1)
  2 frilled lizards (D:1)
  2 rats (D:2)
42 creatures vanquished.

Grand Total: 90 creatures vanquished

Notes
Turn   | Place    | Note
-------+----------+-------------------------------------------
     0 | D:1      | Zeldest the Vine Stalker Summoner began the quest for the
                  | Orb.
     0 | D:1      | Reached XP level 1. HP: 9/9 MP: 4/4
     3 | D:1      | Noticed an electric eel
     3 | D:1      | Noticed an electric eel
    96 | D:1      | Reached XP level 2. HP: 14/14 MP: 6/6
    99 | D:1      | Learned a level 2 spell: Call Imp
   130 | D:1      | Reached skill level 1 in Fighting
   441 | D:1      | Reached XP level 3. HP: 13/18 MP: 4/7
   748 | D:2      | Learned a level 3 spell: Call Canine Familiar
   824 | D:2      | Reached skill level 1 in Polearms
   980 | D:2      | Noticed Robin
   983 | D:2      | Gained mutation: Your natural rate of healing is unusually
                  | fast. [Vine Stalker growth]
   983 | D:2      | Reached XP level 4. HP: 18/22 MP: 5/8
   996 | D:2      | Reached skill level 1 in Evocations
  1008 | D:2      | Killed Robin
  1240 | D:3      | Found a radiant altar of Vehumet.
  1272 | D:3      | Found a blossoming altar of Fedhas.
  1273 | D:3      | Found an opulent altar of Gozag.
  1356 | D:3      | Found a transporter.
  1356 | D:3      | Noticed cyrus's ghost (amateur VSFi)
  1364 | D:3      | Found a transporter.
  1515 | D:2      | Found Laech's Book Emporium.
  1531 | D:2      | Found an ornate altar of the Wu Jian Council.
  1634 | D:3      | Identified a scroll of acquirement
  1634 | D:3      | Acquired a Fen Folio
  1711 | D:3      | Found an iron altar of Okawaru.
  1740 | D:3      | Reached XP level 5. HP: 20/26 MP: 1/9
  2000 | D:4      | Noticed Sigmund
  2030 | D:4      | Killed Sigmund
  2031 | D:4      | Reached skill level 5 in Summonings
  2031 | D:4      | Reached skill level 1 in Translocations
  2031 | D:4      | Reached XP level 6. HP: 29/32 MP: 3/10
  2242 | D:4      | Reached XP level 7. HP: 35/35 MP: 2/11
  2537 | D:5      | Entered Level 5 of the Dungeon
  2823 | D:5      | Slain by an orc priest

Illustrated notes

Levels and vault maps discovered:
D:1:      arrival_aquarium_b, layout_loops_corners, due_unseen_surprise
D:2:      layout_loops_corners, basic_altar, basic_ecumenical_altar,
          serial_shops, shop, nicolae_diamond_shop, shop_coins,
          lemuel_flame_loot_1, uniq_robin
D:3:      layout_basic, mainiacjoe_overflow_24_doors,
          mainiacjoe_overflow_brackets, gammafunk_temple_overflow_pools,
          gammafunk_ghost_arena, serial_corexii_hall, corexii_hall_statues_s,
          corexii_hall_statues_t
D:4:      layout_layer_cave, feat_on_display, uniq_sigmund
D:5:      layout_loops_corners, nicolae_uskayaw_suspiria

Skill      XL: |  1  2  3  4  5  6  7 |
---------------+----------------------+-----
Fighting       | 1 2 3 |  3.3
Polearms       | 1 2 3 |  3.1
Evocations     | 1 2 3 |  3.0
Summonings     | 5 |  5.7
Translocations | 1 2 |  2.8
Dodging        | |  1.5
Stealth        | |  2.4
Spellcasting   | |  2.1
Air Magic      | |  0.3

Action                   |  1- 3 |  4- 6 |  7- 9 || total
-------------------------+-------+-------+-------++-------
Melee: Unarmed           |     9 |       |       ||     9
       Bite              |    14 |    13 |    24 ||    51
       Spear             |    52 |    92 |    76 ||   220
       Punch             |       |     1 |     3 ||     4
 Cast: Summon Small Mamm |     5 |       |       ||     5
       Call Imp          |    13 |    10 |     8 ||    31
       Call Canine Famil |     1 |    10 |     5 ||    16
Evoke: Wand              |       |     6 |       ||     6
  Use: Scroll            |     1 |     6 |     1 ||     8
 Stab: Sleeping          |     7 |     3 |     1 ||    11
       Distracted        |     1 |     1 |       ||     2
Armor: Robe              |     8 |    12 |    13 ||    33
Dodge: Dodged            |    37 |    53 |    28 ||   118

Table legend: (Time is in decaauts)
 A = Elapsed time spent in this place.
 B = Non-inter-level travel time spent in this place.
 C = Inter-level travel time spent in this place.
 D = Time resting spent in this place.
 E = Time spent auto-exploring this place.
 F = Levels seen in this place.
 G = Mean time per level.
                   A        B        C        D        E       F      G
               +--------+--------+--------+--------+--------+-----+--------+
         Total |   2834 |   2675 |    159 |      0 |     29 |   5 |  566.8 |
       Dungeon |   2834 |   2675 |    159 |      0 |     29 |   5 |  566.8 |
               +--------+--------+--------+--------+--------+-----+--------+

Top non-repeatable levels by time:
     D:4: 739 daAuts
     D:1: 697 daAuts
     D:3: 687 daAuts
     D:2: 525 daAuts
     D:5: 184 daAuts
